 Dungeon Crawl Stone Soup version 0.24.0-41-g2ae2f7f1be (webtiles) character file.

Game seed: 15331691124395320061, levelgen mode: deterministic

33691 Esos the Cleaver (level 13, 0/108 HPs)
             Began as a Demigod Ice Elementalist on Dec 12, 2019.
             Slain by an ettin
             ... wielding a +0 dire flail
              (37 damage)
             ... on level 15 of the Dungeon.
             The game lasted 00:55:39 (27183 turns).

Esos the Cleaver (Demigod Ice Elementalist)        Turns: 27183, Time: 00:55:39

Health: 0/108      AC: 15    Str: 11    XL:     13   Next: 9%
Magic:  21/21      EV: 21    Int: 27    God:
Gold:   361        SH:  4    Dex: 16    Spells: 11/18 levels left

rFire    . . .     SeeInvis .   a - +4 hand axe (drain)
rCold    . . .     Gourm    .   (no shield)
rNeg     + . .     Faith    .   h - +3 ring mail
rPois    .         Spirit   .   j - +2 helmet
rElec    .         Reflect  +   f - +0 cloak
rCorr    .         Harm     .   R - +0 pair of gloves
MR       +....                  (no boots)
Stlth    ++........             m - +4 amulet of reflection
HPRegen  0.28/turn              k - +4 ring of evasion
MPRegen  0.17/turn              C - ring of positive energy

@: about to teleport
A: high mp 1
a: no special abilities


You were on level 15 of the Dungeon.
You were very hungry.

You visited 1 branch of the dungeon, and saw 15 of its levels.

You collected 809 gold pieces.
You spent 448 gold pieces at shops.

Inventory:

Hand Weapons
 a - a +4 hand axe of draining (weapon)
 b - a +3 shortbow of velocity
 D - a +2 dagger of electrocution
 F - a +1 whip of electrocution
 J - a +1 shortbow of freezing
 K - a +2 dagger of venom
 O - a +0 hand axe of electrocution
 Q - a +1 dire flail of protection
 U - a +3 falchion of freezing
 Z - a +1 dagger of electrocution
Missiles
 i - 72 sling bullets
 r - 22 boomerangs (quivered)
 E - 689 arrows
Armour
 f - a +0 cloak (worn)
 h - a +3 ring mail (worn)
 j - a +2 helmet (worn)
 w - a +1 ring mail of cold resistance
 z - a +2 chain mail of magic resistance
 R - a +0 pair of gloves (worn)
 V - a +1 leather armour of fire resistance
Magical Staves
 t - an uncursed staff of cold
 S - an uncursed staff of death {unknown}
Jewellery
 k - a +4 ring of evasion (left hand)
 m - a +4 amulet of reflection (around neck)
 q - an uncursed ring of protection from cold
 y - an uncursed ring of protection from magic
 C - a ring of positive energy (right hand)
 H - an uncursed ring of see invisible
 I - an uncursed amulet of guardian spirit
 P - an uncursed ring of wizardry
Wands
 g - a wand of clouds (5)
 o - a wand of polymorph (6)
 v - a wand of random effects (26)
 N - a wand of flame (21)
Scrolls
 x - 2 scrolls of remove curse
 G - 3 scrolls of magic mapping
Potions
 d - 2 potions of flight
 e - 3 potions of lignification
 l - 4 potions of might
 n - 9 potions of curing
 p - a potion of ambrosia {unknown}
 s - a potion of magic {unknown}
 u - 2 potions of invisibility
 B - 2 potions of brilliance
 L - 2 potions of berserk rage {unknown}
 M - a potion of cancellation {unknown}
 T - 2 potions of haste
Miscellaneous
 A - a box of beasts
Comestibles
 c - 15 rations


   Skills:
 + Level 8.5 Fighting
 + Level 13.1 Axes
   Level 1.2(8.7) Polearms
 + Level 1.7 Bows
 + Level 8.2 Armour
 + Level 9.9 Dodging
 + Level 5.3 Stealth
 + Level 0.4 Unarmed Combat
 + Level 3.0 Spellcasting
 + Level 0.8 Conjurations
 + Level 3.3 Ice Magic
 + Level 0.1 Evocations


You had 11 spell levels left.
You knew the following spells:

 Your Spells              Type           Power        Failure   Level  Hunger
a - Freeze                Ice            ###.         4%          1    None
b - Throw Frost           Conj/Ice       ###...       12%         2    #......
c - Summon Ice Beast      Ice/Summ       ##......     65%         4    ####...

Your spell library contained the following spells:

 Spells                   Type           Power        Failure   Level  Hunger
 Magic Dart               Conj           #...         13%         1    None
 Shock                    Conj/Air       #...         16%         1    None
 Throw Flame              Conj/Fire      #.....       22%         2    #......
 Poisonous Vapours        Pois/Air       #.....       26%         2    #......
 Swiftness                Chrm/Air       #.......     26%         2    #......
 Ozocubu's Armour         Chrm/Ice       ##......     26%         3    ###....
 Conjure Flame            Conj/Fire      #.......     41%         3    ###....
 Static Discharge         Conj/Air       #.......     41%         3    ###....
 Mephitic Cloud           Conj/Pois/Air  #.......     43%         3    ###....
 Throw Icicle             Conj/Ice       ###.....     58%         4    ####...
 Force Lance              Conj/Tloc      #.......     83%         4    ####...
 Airstrike                Air            #.........   87%         4    ####...
 Bolt of Magma            Conj/Fire/Erth #.........   99%         5    ######.
 Irradiate                Conj/Tmut      #.........   99%         5    ######.
 Lightning Bolt           Conj/Air       #.........   99%         5    ######.
 Freezing Cloud           Conj/Ice/Air   ##........   100%        6    #######
 Ring of Flames           Chrm/Fire      #.........   100%        7    #######


Dungeon Overview and Level Annotations

Branches:
Dungeon (15/15)            Temple (0/1) D:4            Lair (0/6) D:10
    Orc (0/2) D:12         Vaults (0/5) D:14         Depths (0/5) D:15

Shops:
D:6 *   D:7 [   D:11 *

Annotations:
D:9 exclusion: ice statue
D:10 exclusion: oklob plant


Innate Abilities, Weirdness & Mutations

You have an increased reservoir of magic. (+10% MP)


Message History

The centaur warrior shouts!
As you read the scroll of teleportation, it crumbles to dust.
You feel strangely unstable.
The centaur warrior wields a +0 shortbow.
The centaur warrior shoots an arrow.
You reflect the arrow off an invisible shield around you!
The arrow barely misses the centaur warrior.
You slash the ettin! You drain the ettin.
The ettin is moderately wounded.
The centaur warrior shoots an arrow.
The arrow hits you but does no damage.
You hear a shout!
Your ring mail prevents you from hitting the ettin.
The ettin is moderately wounded.
The ettin hits you with a +0 dire flail!!
The ettin barely misses you.
You hit the ettin.
The ettin is moderately wounded.
The centaur warrior shoots an arrow.
The arrow hits you!
The ettin hits you with a +0 dire flail!!!
You die...

..#...# #.
.#...#....
#......#....
#.#.........
#.#....#..Z.
###.##.....#
#....#.....#
#.#...@....#
#....#C....##
#..)........###
#....#e..c.....
#####.####...##
#...#..>#.(##
###. .C.# ## #.
...# #. #.#.#


You could see an ettin, a centaur warrior, a deep elf archer and a centaur
warrior skeleton.

Vanquished Creatures
  Harold (D:6)
  A vault guard (D:14)
  A hydra (D:14)
  3 two-headed ogres
  4 centaur warriors
  3 tengu warriors
  A deep troll (D:14)
  An unseen horror (D:12)
  Pikel (D:8)
  A deep elf mage (D:13)
  5 slime creatures
  3 cyclopes
  3 gargoyles
  A kobold demonologist (D:13)
  A yaktaur (D:14)
  A tengu conjurer (D:14)
  5 trolls
  Grinder (D:4)
  4 hippogriffs
  A shadow (D:14)
  A wyvern (D:13)
  2 wraiths
  A vampire (D:10)
  16 yaks
  A hungry ghost (D:11)
  Grum (D:8)
  Menkaure (D:5)
  10 vampire mosquitoes
  3 water moccasins
  Duvessa (D:7)
  10 orc warriors
  3 black bears
  An eye of draining (D:14)
  3 sky beasts
  5 necrophages
  9 ogres
  An ice beast (D:10)
  2 wolves (D:8)
  2 phantoms
  30 centaurs
  2 big kobolds (D:9)
  9 bullfrogs
  An elf skeleton (D:12)
  Dowan (D:7)
  4 scorpions
  A troll zombie (D:12)
  36 killer bees
  7 wights
  9 howler monkeys
  7 crimson imps
  A quasit (D:9)
  4 centaur zombies
  4 jellies
  3 human zombies (D:12)
  13 orc priests
  4 centaur skeletons
  11 hounds
  3 bullfrog skeletons
  17 orc wizards
  3 iguanas
  11 worker ants
  2 hound zombies
  2 hound skeletons
  A howler monkey zombie (D:6)
  3 worker ant zombies
  5 gnolls
  18 adders
  4 shadow imps
  An ooze (D:3)
  An adder zombie (D:6)
  An adder skeleton (D:7)
  3 worms (D:2)
  8 leopard geckos
  62 orcs
  2 ball pythons
  11 bats
  7 giant cockroaches
  7 goblins
  9 hobgoblins
  4 jackals (D:11)
  4 quokkas
  6 frilled lizards
  8 kobolds
  A leopard gecko zombie (D:6)
  An orc zombie (D:12)
  A quokka skeleton (D:5)
  2 quokka zombies (D:6)
  5 rats
475 creatures vanquished.

Vanquished Creatures (others)
  2 slaves (D:8)
  A bullfrog zombie (D:8)
  A quokka (D:14)
  3 plants (D:10)
7 creatures vanquished.

Grand Total: 482 creatures vanquished

Notes
Turn   | Place    | Note
-------+----------+-------------------------------------------
     0 | D:1      | Esos the Demigod Ice Elementalist began the quest for the
                  | Orb.
     0 | D:1      | Reached XP level 1. HP: 14/14 MP: 5/5
   488 | D:1      | Reached XP level 2. HP: 10/20 MP: 3/7
  1220 | D:1      | Reached XP level 3. HP: 26/26 MP: 8/8
  1763 | D:2      | Reached skill level 1 in Armour
  2184 | D:2      | Reached XP level 4. HP: 33/33 MP: 10/10
  2576 | D:3      | Reached skill level 1 in Polearms
  2584 | D:3      | Reached skill level 1 in Axes
  3110 | D:3      | Reached XP level 5. HP: 36/39 MP: 11/11
  3377 | D:3      | Found a white marble altar of Elyvilon.
  3834 | D:4      | Noticed an ogre
  3844 | D:4      | Killed an ogre
  3844 | D:4      | Reached skill level 1 in Fighting
  3844 | D:4      | Reached skill level 2 in Axes
  4015 | D:4      | Reached XP level 6. HP: 40/47 MP: 12/12
  4032 | D:4      | Found a staircase to the Ecumenical Temple.
  4123 | D:4      | Reached skill level 3 in Axes
  4159 | D:4      | Noticed Grinder
  4190 | D:4      | Killed Grinder
  4536 | D:4      | Reached XP level 7. HP: 48/52 MP: 13/13
  4622 | D:4      | Reached skill level 4 in Axes
  5180 | D:5      | Entered Level 5 of the Dungeon
  6153 | D:5      | Noticed Menkaure
  6160 | D:5      | Killed Menkaure
  6160 | D:5      | Reached skill level 5 in Axes
  6348 | D:5      | Found an ornate altar of the Wu Jian Council.
  6387 | D:5      | Found a hide-covered altar of Uskayaw.
  6419 | D:5      | Reached XP level 8. HP: 58/62 MP: 14/14
  6672 | D:5      | Found a radiant altar of Vehumet.
  6774 | D:6      | Found Qeeskete's General Store.
  7080 | D:6      | Found a shadowy altar of Dithmenos.
  7084 | D:6      | Reached skill level 6 in Axes
  7719 | D:6      | Found an iron altar of Okawaru.
  7719 | D:6      | Found a sparkling altar of Nemelex Xobeh.
  7906 | D:7      | Noticed Harold
  8164 | D:6      | Killed Harold
  8164 | D:6      | Reached skill level 7 in Axes
  8164 | D:6      | Reached skill level 5 in Armour
  8164 | D:6      | Reached XP level 9. HP: 36/71 MP: 16/16
  8870 | D:7      | Reached skill level 8 in Axes
  8892 | D:7      | Found Guasedoh's Armour Shop.
  8906 | D:7      | Found a shimmering blue altar of Sif Muna.
  9009 | D:7      | Reached skill level 5 in Dodging
  9405 | D:7      | Noticed Duvessa
  9407 | D:7      | Noticed Dowan
  9425 | D:7      | Killed Duvessa
  9428 | D:7      | Killed Dowan
  9695 | D:7      | Learned a level 2 spell: Throw Frost
  9700 | D:7      | Learned a level 4 spell: Summon Ice Beast
 10268 | D:8      | Noticed Grum
 10309 | D:8      | Killed Grum
 10309 | D:8      | Reached XP level 10. HP: 72/80 MP: 17/17
 10398 | D:8      | Reached skill level 9 in Axes
 10740 | D:8      | Noticed Pikel
 10755 | D:8      | Killed Pikel
 11483 | D:9      | Noticed an ice statue
 11889 | D:9      | Identified the Tome of Conjuration
 12446 | D:9      | Found a snail-covered altar of Cheibriados.
 12567 | D:9      | Found a burning altar of Makhleb.
 12571 | D:9      | Found a glowing silver altar of Zin.
 12571 | D:9      | Noticed an angel
 12571 | D:9      | Noticed a balrug
 12596 | D:9      | Found a stormy altar of Qazlal.
 12655 | D:9      | Reached skill level 5 in Fighting
 12655 | D:9      | Reached skill level 10 in Axes
 12725 | D:9      | Found a blossoming altar of Fedhas.
 12998 | D:10     | Entered Level 10 of the Dungeon
 13270 | D:10     | Noticed a two-headed ogre
 13286 | D:10     | Killed a two-headed ogre
 14328 | D:10     | Reached XP level 11. HP: 44/89 MP: 18/18
 14631 | D:10     | Found a shattered altar of Ashenzari.
 16033 | D:10     | Found a staircase to the Lair.
 17401 | D:11     | Found Xamoicwe's Assorted Antiques.
 17408 | D:11     | Bought a scroll of remove curse for 96 gold pieces
 17408 | D:11     | Bought a potion of heal wounds for 160 gold pieces
 17408 | D:11     | Bought a runed shortbow for 192 gold pieces
 17855 | D:11     | Reached skill level 11 in Axes
 17858 | D:11     | Reached skill level 1 in Bows
 19975 | D:12     | Found a staircase to the Orcish Mines.
 21506 | D:12     | Killed an unseen horror
 21779 | D:12     | Found an ancient bone altar of Kikubaaqudgha.
 22313 | D:12     | Reached XP level 12. HP: 99/99 MP: 20/20
 22667 | D:13     | Noticed a centaur warrior
 22703 | D:13     | Killed a centaur warrior
 22703 | D:13     | Reached skill level 12 in Axes
 24286 | D:13     | Reached skill level 5 in Stealth
 25162 | D:14     | Found a white marble altar of Elyvilon.
 25725 | D:14     | Noticed a centaur warrior
 25743 | D:14     | Killed a centaur warrior
 25916 | D:14     | Noticed a centaur warrior
 25929 | D:14     | Killed a centaur warrior
 26673 | D:14     | Noticed an eight-headed hydra
 26686 | D:14     | Noticed a vault guard
 26696 | D:14     | Reached skill level 13 in Axes
 26717 | D:14     | Killed a vault guard
 26745 | D:14     | Killed a 19-headed hydra
 26745 | D:14     | Reached XP level 13. HP: 80/108 MP: 1/21
 26973 | D:14     | Found a gate to the Vaults.
 27107 | D:15     | Entered Level 15 of the Dungeon
 27175 | D:15     | Found a staircase to the Depths.
 27183 | D:15     | Slain by an ettin

Levels and vault maps discovered:
D:1:      dpeg_arrival_ternary, layout_rooms
D:2:      layout_loops_corners
D:3:      layout_basic, old_standard_altar, minivault_14, dk_noncrumbling_4
D:4:      layout_basic, temple_pool_b, uniq_grinder
D:5:      layout_cave_pools, vehumet_crystals, nicolae_overflow_hidden_temple,
          basic_altar, first_ration, uniq_menkaure
D:6:      layout_rooms, nicolae_dithmenos_the_darkroom,
          gammafunk_temple_overflow_elements, serial_undead, serial_undead_f,
          serial_undead_b, serial_undead_d, serial_undead_c, serial_shops,
          nicolae_shop_window_shopping, solitary_fountain
D:7:      layout_rooms, old_standard_altar, serial_shops, shop, uniq_duvessa,
          uniq_harold
D:8:      layout_basic, uniq_grum, uniq_pikel
D:9:      minmay_statue_hallways, layout_basic,
          grunt_temple_overflow_order_and_chaos_2, lemuel_crystal_altar,
          overflow_temple_1_default, lemuel_crystal_altar, blue_anna_alchemist
          [blue_anna_fruit_fields, blue_anna_fruit_fields]
D:10:     layout_basic, lair_entry_dummy, lemuel_oklob_altar
D:11:     layout_basic, serial_shops, nicolae_shop_overgrown_old_shop
D:12:     layout_irregular_city, orc_0_dummy,
          lemuel_mausoleum_altar_kikubaaqudgha
D:13:     layout_gridville, kennysheep_generic_room_15
D:14:     layout_roguey, david_vaults_5, elyvilon_altar_4
D:15:     hangedman_depths_entry_civil_slaughter, layout_rooms, serial_shops,
          shop, hangedman_abyss_or_decor_jellyfish_corner,
          nicolae_qazlal_eye_of_the_storm

Skill      XL: |  1  2  3  4  5  6  7  8  9 10 11 12 |
---------------+-------------------------------------+-----
Spellcasting   | 2 3 |  3.0
Dodging        | 2 3 4 5 7 8 9 |  9.9
Stealth        | 2 3 4 5 |  5.3
Armour         | 1 2 3 4 5 6 7 8 |  8.2
Polearms       | 1 |  1.2
Axes           | 1 2 3 5 7 8 10 11 13 | 13.1
Fighting       | 1 2 3 4 5 7 8 |  8.5
Ice Magic      | 3 |  3.3
Bows           | 1 |  1.7
Unarmed Combat | |  0.4
Conjurations   | |  0.8
Evocations     | |  0.1

Action                   |  1- 3 |  4- 6 |  7- 9 | 10-12 | 13-15 || total
-------------------------+-------+-------+-------+-------+-------++-------
Melee: Unarmed           |    39 |       |       |       |       ||    39
       Spear             |   100 |       |       |       |       ||   100
       Hand axe          |    24 |   167 |   627 |  2155 |    52 ||  3025
       Punch             |       |       |       |     4 |       ||     4
 Fire: Shortbow          |       |       |       |    31 |       ||    31
 Cast: Freeze            |    12 |       |     2 |     7 |       ||    21
Evoke: Wand              |       |       |       |     3 |       ||     3
  Use: Scroll            |     5 |     5 |    10 |    12 |     2 ||    34
       Potion            |       |     2 |     2 |     7 |       ||    11
 Stab: Sleeping          |     1 |     1 |     5 |    10 |     1 ||    18
  Eat: Chunk             |     4 |     7 |     9 |    12 |       ||    32
       Ration            |       |       |     3 |    13 |       ||    16
Armor: Leather armour    |    14 |       |       |       |       ||    14
       Ring mail         |    61 |    47 |   217 |   485 |    16 ||   826
       Skin              |       |       |       |   373 |       ||   373
Dodge: Dodged            |   107 |   136 |   593 |  1491 |    53 ||  2380
Block: Other             |       |       |    78 |   333 |     7 ||   418
       Reflection        |       |       |     4 |    17 |     3 ||    24
